 Dungeon Crawl Stone Soup version 0.28-a0-1206-g193881aaa2 (webtiles) character file.

Game seed: 6118187862924701335

20286 bearlyready the Carver (level 12, -10/107 HPs)
             Began as a Minotaur Delver on Dec 20, 2021.
             Was a High Priest of Okawaru.
             Mangled by an orc knight (12 damage)
             ... in a bailey.
             The game lasted 00:21:02 (12783 turns).

bearlyready the Carver (Minotaur Delver)           Turns: 12783, Time: 00:21:03

Health: -10/107    AC: 13    Str: 26    XL:     12   Next: 44%
Magic:  17/17      EV: 12    Int:  5    God:    Okawaru [*****.]
Gold:   493        SH:  0    Dex: 18    Spells: 11/11 levels left

rFire   + . .      SeeInvis .   a - +0 scimitar
rCold   . . .      Faith    .   (no shield)
rNeg    + . .      Spirit   .   m - +0 chain mail
rPois   .          Reflect  .   (helmet restricted)
rElec   .          Harm     .   T - +0 cloak
rCorr   +          Rampage  .   (no gloves)
Will    .....                   r - +0 pair of boots
Stlth   ..........              E - amulet of regeneration
HPRegen 1.07/turn               Q - ring of Utzuz {rF+ rN+ Str+6 Int-2 Dex+4}
MPRegen 0.15/turn               k - ring of resist corrosion

@: silenced, hasted, very quick
A: horns 2, retaliatory headbutt
a: Renounce Religion


You were in a bailey.
You worshipped Okawaru.
Okawaru was extremely pleased with you.
You visited 2 branches of the dungeon, and saw 12 of its levels.
You also visited: Bailey.

You collected 603 gold pieces.
You spent 110 gold pieces at shops.

Inventory:

Hand Weapons
 a - a +0 scimitar (weapon)
 b - a +0 hand crossbow
Missiles
 f - 13 poisoned darts
 n - 286 stones (quivered)
 q - 5 boomerangs
 u - 63 bolts
 P - 6 datura-tipped darts
Armour
 m - a +0 chain mail (worn)
 r - a +0 pair of boots (worn)
 O - a +0 leather armour
 S - +0 steam dragon scales
 T - a +0 cloak (worn)
 W - a +0 plate armour
 X - a +0 troll leather armour
Jewellery
 e - an amulet of magic regeneration
 i - a ring of flight
 k - a ring of resist corrosion (right hand)
 C - a ring of fire
 E - an amulet of regeneration (around neck)
 L - a ring of protection from fire
 N - a ring of fire
 Q - the ring of Utzuz (left hand) {rF+ rN+ Str+6 Int-2 Dex+4}
   (You found it on level 7 of the Dungeon)

   [ring of protection from fire]

   Str:       It affects your strength (+6).
   Int:       It affects your intelligence (-2).
   Dex:       It affects your dexterity (+4).
   rF:        It protects you from fire.
   rN:        It protects you from negative energy.
Wands
 g - a wand of digging (1)
 H - a wand of polymorph (16)
Scrolls
 c - 3 scrolls of fog
 d - a scroll of magic mapping
 p - 7 scrolls of teleportation
 w - 6 scrolls of enchant armour
 y - a scroll of acquirement
 F - 2 scrolls of vulnerability
 J - 4 scrolls of enchant weapon
 K - 3 scrolls of amnesia {unknown}
 R - 2 scrolls of summoning
 Z - a scroll of blinking
Potions
 h - a potion of flight {unknown}
 j - 2 potions of lignification
 s - 8 potions of mutation
 t - 2 potions of brilliance
 v - a potion of heal wounds {unknown}
 x - a potion of berserk rage {unknown}
 A - a potion of degeneration {unknown}
 B - 2 potions of might {unknown}
 D - 2 potions of magic {unknown}
 G - a potion of resistance {unknown}
 I - 2 potions of haste
 M - 2 potions of attraction
 U - 2 potions of invisibility {unknown}
 Y - 2 potions of cancellation {unknown}


   Skills:
 + Level 10.5 Fighting
 + Level 13.5 Long Blades
 + Level 6.8 Crossbows
 + Level 7.4 Armour
 + Level 7.2 Dodging
 - Level 4.1 Stealth
 + Level 8.4 Invocations
 - Level 4.0 Evocations


You had 11 spell levels left.
You didn't know any spells.
Your spell library contained the following spells:

 Spells                   Type           Power      Damage    Failure   Level
 Pain                     Necr           0%         1d4       96%         1
 Sandblast                Erth           0%         2d4       96%         1
 Sting                    Tmut/Pois      0%         1d3       96%         1
 Passwall                 Tmut/Erth      0%         N/A       99%         2
 Poisonous Vapours        Pois/Air       0%         N/A       99%         2
 Gell's Gravitas          Tloc           0%         N/A       100%        3
 Lesser Beckoning         Tloc           0%         N/A       100%        3
 Stone Arrow              Conj/Erth      0%         3d7       100%        3
 Teleport Other           Tloc           0%         N/A       100%        3
 Olgreb's Toxic Radiance  Pois           0%         N/A       100%        4
 Agony                    Necr           0%         N/A       100%        5
 Excruciating Wounds      Necr           0%         N/A       100%        5
 Lehudib's Crystal Spear  Conj/Erth      0%         10d2      100%        8
 Animate Armour           Summ/Erth      Unusable   N/A       N/A         4

Dungeon Overview and Level Annotations

Branches:
Dungeon (11/15)            Temple (1/1) D:4             Orc (0/2) D:10
 Bailey (1/1)
   Lair: D:8-11

Altars:
Ashenzari
Cheibriados
Dithmenos
Elyvilon
Fedhas
Gozag
Hepliaklqana
Kikubaaqudgha
Makhleb
Nemelex Xobeh
Okawaru
Qazlal
Ru
Sif Muna
Trog
Uskayaw
Vehumet
Wu Jian
Xom
Yredelemnul
Zin
The Shining One

Shops:
D:3 *(!(   D:7 (

Annotations:
D:8 exclusion: oklob sapling
D:9 3 runed translucent doors, Foxy's ghost, novice FoFi


Innate Abilities, Weirdness & Mutations

You have a pair of horns on your head.
You reflexively headbutt those who attack you in melee.


Message History

You closely miss the orc knight. Your headbutt misses the orc knight.
The orc knight is lightly wounded.
You closely miss the orc knight. Your headbutt misses the orc knight.
The orc knight is lightly wounded.
The orc knight hits you with a +0 glaive.
You hit the orc knight but do no damage.
The orc knight is lightly wounded.
You closely miss the orc knight. Your headbutt misses the orc knight.
The orc knight is lightly wounded.
The orc knight hits you with a +0 glaive!
You miss the orc knight.
The orc knight is lightly wounded.
You slash the orc knight! You headbutt the orc knight.
The orc knight is heavily wounded.
The orc knight hits you with a +0 glaive!
You hit the orc knight but do no damage.
You headbutt the orc knight!
The orc knight is heavily wounded.
You closely miss the orc knight. Your headbutt misses the orc knight.
The orc knight is heavily wounded.
You feel better.
The orc knight hits you with a +0 glaive!!
* * * LOW HITPOINT WARNING * * *
You slash the orc knight! You headbutt the orc knight.
The orc knight is severely wounded.
The orc knight hits you with a +0 glaive!!
* * * LOW HITPOINT WARNING * * *
Okay, then.
Magic scrolls do not work when you're silenced!
Unknown command.
Okay, then.
You feel better.
You feel better.
The orc knight hits you with a +0 glaive!!
* * * LOW HITPOINT WARNING * * *
Okay, then.
You hit the orc knight but do no damage.
The orc knight is severely wounded.
The orc knight hits you with a +0 glaive!
You die...

############ ##
##.∩))))....## ##.
#...@o))..(..######..
#...).))....)#....#..
#∩..........))))))).)
#.......).).)#....#..
#............######..
##.∩........## ##.
############ ##


You could see an orc knight.

Vanquished Creatures
  2 two-headed ogres (D:10)
  2 orc knights (Bailey)
  A cyclops (Bailey)
  Joseph (D:7)
  4 centaur zombies
  A gargoyle (D:9)
  A troll (D:9)
  Prince Ribbit (D:6)
  A wraith (D:9)
  2 wyverns
  6 yaks (D:10)
  2 steam dragons (D:8)
  Menkaure (D:4)
  Duvessa (D:6)
  A water moccasin (D:8)
  13 orc warriors
  An ice beast (D:8)
  2 black bears
  2 necrophages
  2 wolves (D:9)
  4 centaurs
  2 kobold brigands
  3 bullfrogs
  2 gnoll sergeants
  Blork the orc (D:4)
  2 scorpions (D:5)
  3 killer bees (D:9)
  A water moccasin skeleton (D:4)
  8 wights
  A howler monkey (D:5)
  13 hounds
  8 orc priests
  2 jellies
  A bullfrog skeleton (D:6)
  A centaur skeleton (D:6)
  3 iguanas
  10 orc wizards
  A killer bee zombie (D:8)
  16 gnolls
  A howler monkey skeleton (D:5)
  8 adders
  A white imp (D:6)
  An ufetubus (D:7)
  2 worms
  3 dart slugs
  73 orcs
  6 endoplasms
  2 giant cockroaches
  9 goblins
  8 hobgoblins
  7 jackals
  8 quokkas
  6 ball pythons
  6 bats
  2 frilled lizards
  18 kobolds
  12 rats
302 creatures vanquished.

Vanquished Creatures (others)
  6 plants
6 creatures vanquished.

Grand Total: 308 creatures vanquished

Notes
Turn   | Place    | Note
-------+----------+-------------------------------------------
     0 | D:5      | bearlyready the Minotaur Delver began the quest for the
                  | Orb.
     0 | D:5      | Reached XP level 1. HP: 19/19 MP: 0/0
    79 | D:5      | Noticed a black bear
    79 | D:5      | Noticed a scorpion
   114 | D:4      | Reached skill level 4 in Long Blades
   114 | D:4      | Reached XP level 2. HP: 6/26 MP: 1/1
   114 | D:4      | Reached XP level 3. HP: 7/31 MP: 2/2
   366 | D:3      | Reached skill level 5 in Long Blades
   541 | D:4      | Noticed Blork the orc
   575 | D:3      | Reached XP level 4. HP: 34/39 MP: 3/3
   596 | D:3      | Found Qaiwk's Assorted Antiques.
   891 | D:3      | Reached skill level 6 in Long Blades
  1359 | D:1      | Reached XP level 5. HP: 45/45 MP: 4/4
  2338 | D:2      | Found an ornate altar of the Wu Jian Council.
  2488 | D:3      | Found Fucsekk's Weapon Shop.
  2533 | D:3      | Reached skill level 7 in Long Blades
  2909 | D:3      | Found Upeucenu's Weapon Shoppe.
  2913 | D:3      | Found Qelugguq's Distillery.
  3313 | D:3      | Bought a potion of curing for 30 gold pieces
  3313 | D:3      | Bought a potion of mutation for 80 gold pieces
  3357 | D:5      | Noticed a black bear
  3578 | D:3      | Reached XP level 6. HP: 27/51 MP: 5/5
  3830 | D:4      | Noticed Menkaure
  3842 | D:4      | Killed Menkaure
  3843 | D:4      | Reached skill level 8 in Long Blades
  4106 | D:4      | Killed Blork the orc
  4107 | D:4      | Reached skill level 9 in Long Blades
  4378 | D:4      | Found a staircase to the Ecumenical Temple.
  4531 | Temple   | Entered the Ecumenical Temple
  4631 | Temple   | Became a worshipper of Warmaster Okawaru
  4708 | D:4      | Reached skill level 1 in Invocations
  4708 | D:4      | Reached XP level 7. HP: 17/57 MP: 5/7
  5180 | D:5      | Reached * piety under Okawaru
  5694 | D:6      | Noticed Duvessa
  5694 | D:6      | Noticed Dowan
  5755 | D:6      | Reached skill level 10 in Long Blades
  5755 | D:6      | Reached XP level 8. HP: 67/67 MP: 9/9
  5778 | D:6      | Reached skill level 5 in Fighting
  6415 | D:6      | Killed Duvessa
  6501 | D:6      | Noticed Dowan
  6501 | D:6      | Dowan changed into Dowan the centaur
  6513 | D:6      | Killed Dowan the centaur
  6814 | D:6      | Noticed Prince Ribbit
  6905 | D:6      | Killed Prince Ribbit
  6906 | D:6      | Reached skill level 5 in Invocations
  7173 | D:6      | Reached ** piety under Okawaru
  7174 | D:6      | Reached skill level 11 in Long Blades
  7605 | D:7      | Reached XP level 9. HP: 56/79 MP: 11/11
  7831 | D:7      | Found Garoetiwn's Weapon Shop.
  7880 | D:6      | HP: 2/79 [orc warrior (19)]
  8442 | D:7      | Reached skill level 1 in Crossbows
  8442 | D:7      | Reached skill level 1 in Armour
  8538 | D:7      | Identified the ring of Utzuz {rF+ rN+ Str+6 Int-2 Dex+4}
  8600 | D:7      | Noticed Joseph
  8609 | D:7      | Killed Joseph
  8610 | D:7      | Reached skill level 1 in Evocations
  9270 | D:8      | Reached *** piety under Okawaru
  9674 | D:8      | Reached XP level 10. HP: 88/88 MP: 13/13
 10235 | D:9      | Found a runed translucent gate.
 10236 | D:9      | Found a runed translucent gate.
 10237 | D:9      | Found a runed translucent gate.
 10237 | D:9      | Noticed Foxy's ghost (novice FoFi)
 10380 | D:9      | Found a faded altar of an unknown god.
 10380 | D:9      | Noticed a gargoyle
 10381 | D:9      | Found a hazy altar of Hepliaklqana.
 10388 | D:9      | Killed a gargoyle
 10480 | D:9      | Reached skill level 12 in Long Blades
 10614 | D:9      | Reached **** piety under Okawaru
 11092 | D:10     | Entered Level 10 of the Dungeon
 11247 | D:10     | Noticed a two-headed ogre
 11261 | D:10     | Killed a two-headed ogre
 11262 | D:10     | Reached skill level 5 in Armour
 11262 | D:10     | Reached skill level 5 in Dodging
 11309 | D:10     | Reached ***** piety under Okawaru
 11431 | D:10     | Noticed a two-headed ogre
 11439 | D:10     | Killed a two-headed ogre
 11440 | D:10     | Reached XP level 11. HP: 52/97 MP: 15/15
 11794 | D:10     | Reached skill level 5 in Crossbows
 11831 | D:10     | Found a staircase to the Orcish Mines.
 12330 | D:11     | Found a flagged portal.
 12341 | Bailey   | Entered a bailey
 12578 | Bailey   | Noticed an orc knight
 12582 | Bailey   | Noticed an orc knight
 12616 | Bailey   | an orc knight changed into a cyclops
 12623 | Bailey   | Received a gift from Okawaru
 12676 | Bailey   | Noticed an orc knight
 12687 | Bailey   | Killed an orc knight
 12706 | Bailey   | Noticed an orc knight
 12706 | Bailey   | Noticed an orc knight
 12751 | Bailey   | Reached skill level 10 in Fighting
 12751 | Bailey   | Reached skill level 13 in Long Blades
 12751 | Bailey   | Reached XP level 12. HP: 101/107 MP: 15/17
 12782 | Bailey   | HP: 2/107 [orc knight (26)]
 12783 | Bailey   | Mangled by an orc knight

Illustrated notes

Levels and vault maps discovered:
D:1:      dpeg_arrival_prison, layout_loops_ring
D:2:      layout_basic, basic_altar, minivault_4
D:3:      layout_basic, serial_shops, nicolae_shop_bloodbath_and_beyond,
          nicolae_shop_overgrown_old_shop, shop, shop_statue
D:4:      layout_basic, minmay_temple_entry_enclosed_plants, uniq_menkaure,
          uniq_blork_the_orc
D:5:      layout_basic, kennysheep_boxes
D:6:      layout_basic, uniq_duvessa, uniq_prince_ribbit1
D:7:      layout_rooms, serial_shops, shop, serial_corexii_hall,
          corexii_hall_statues_t, chequers_hall_statues_wall_a,
          corexii_hall_statues_deadend, corexii_hall_statues_s, uniq_joseph
D:8:      layout_gridville, introduction_to_nature_2
D:9:      layout_cave_pools, beargit_hepliaklqana_dungeon_heroes,
          erik_lair_island, serial_gnoll_camp, grums_kennel,
          gnoll_camp_mini_basic, gnoll_camp_mini_hut, gnoll_camp_mini_loothouse,
          gammafunk_ghost_ooze, moated_statue
D:10:     layout_layer_cave, orc_0_dummy
D:11:     layout_roguey, enter_bailey_3, uniq_erica
Temple:   compressed_dpeg_circular_temple
Bailey:   bailey_polearm_5, bailey

Skill      XL: |  1  2  3  4  5  6  7  8  9 10 11 |
---------------+----------------------------------+-----
Long Blades    | 4 5 6 7 9 10 11 12 13 | 13.5
Invocations    | 1 3 5 6 7 8 |  8.4
Fighting       | 4 7 8 9 10 | 10.5
Crossbows      | 3 4 6 |  6.8
Armour         | 3 5 7 |  7.4
Dodging        | 3 5 7 |  7.2
Evocations     | 2 3 4 |  4.0
Stealth        | |  4.1

Action                   |  1- 3 |  4- 6 |  7- 9 | 10-12 || total
-------------------------+-------+-------+-------+-------++-------
Melee: Falchion          |    22 |   238 |   176 |       ||   436
       Headbutt          |     6 |    43 |    62 |    99 ||   210
       Scimitar          |       |       |    85 |   300 ||   385
       Punch             |       |       |     2 |     2 ||     4
 Fire: Hand crossbow     |       |       |     1 |    66 ||    67
Throw: Boomerang         |       |     9 |       |       ||     9
       Stone             |       |     4 |       |     3 ||     7
       Dart              |       |       |    15 |     6 ||    21
Invok: Heroism           |       |       |     2 |     7 ||     9
       Finesse           |       |       |       |     2 ||     2
Evoke: Wand              |       |     5 |     2 |     4 ||    11
  Use: Scroll            |       |     1 |     1 |    12 ||    14
       Potion            |       |     2 |     1 |     6 ||     9
 Stab: Sleeping          |     1 |       |       |       ||     1
Armor: Leather armour    |     4 |       |       |       ||     4
       Chain mail        |     2 |   128 |   122 |   125 ||   377
Dodge: Dodged            |    12 |    82 |    88 |   187 ||   369

Table legend: (Time is in decaauts)
 A = Elapsed time spent in this place.
 B = Non-inter-level travel time spent in this place.
 C = Inter-level travel time spent in this place.
 D = Time resting spent in this place.
 E = Time spent auto-exploring this place.
 F = Levels seen in this place.
 G = Mean time per level.
                   A        B        C        D        E       F      G
               +--------+--------+--------+--------+--------+-----+--------+
         Total |  12619 |  11992 |    627 |   1950 |   7442 |  13 |  970.7 |
       Dungeon |  12115 |  11501 |    614 |   1950 |   7282 |  11 | 1101.4 |
        Temple |    114 |    101 |     13 |      0 |     54 |   1 |  114.0 |
        Bailey |    389 |    389 |      0 |      0 |    106 |   1 |  389.0 |
               +--------+--------+--------+--------+--------+-----+--------+

Top non-repeatable levels by time:
     D:6: 1771 daAuts
     D:3: 1613 daAuts
     D:5: 1513 daAuts
     D:4: 1495 daAuts
     D:8: 1310 daAuts
    D:10: 1173 daAuts
     D:1: 890 daAuts
     D:7: 867 daAuts
     D:9: 758 daAuts
     D:2: 673 daAuts
  Bailey: 389 daAuts
  Temple: 114 daAuts
    D:11: 46 daAuts
